APL (24 & UNDER)
STATE COLLEGE SPIKES @ PENSACOLA PILOTS
06/16/2027
 
TOP OF THE 1ST
State College Spikes batting - Pitching for Pensacola Pilots : LHP Fernando Palácios
Pitching: LHP Fernando Palácios
Batting: SHB Greg Butterfield 0-0: Ground out 6-3 (Groundball, 6)
Batting: RHB Piotr Zahn 0-0: Fly out, F4 (Flyball, 4D)
Batting: RHB Alonzo Herrera 0-0: Called Strike
0-1: Ball
1-1: Called Strike
1-2: Strikes out swinging
Top of the 1st over - 0 run(s), 0 hit(s), 0 error(s), 0 left on base; State College 0 - Pensacola 0
BOTTOM OF THE 1ST
Pensacola Pilots batting - Pitching for State College Spikes : RHP Francisco Álvarez
Pitching: RHP Francisco Álvarez
Batting: RHB Roberto Gómez 0-0: Ball
1-0: Ground out 6-3 (Groundball, 6)
Batting: RHB Julian Lee 0-0: Ball
1-0: Called Strike
1-1: Foul Ball, location: 2F
1-2: Strikes out looking
Batting: RHB Peter Bishop 0-0: Ball
1-0: Ball
2-0: Foul Ball, location: 2F
2-1: Foul Ball, location: 2F
2-2: Foul Ball, location: 2F
2-2: Ball
3-2: DOUBLE (Line Drive, 89M)
Batting: RHB Jesús Sánchez 0-0: Foul Ball, location: 2F
0-1: Fly out, F8 (Flyball, 8LS)
Bottom of the 1st over - 0 run(s), 1 hit(s), 0 error(s), 1 left on base; State College 0 - Pensacola 0
TOP OF THE 2ND
State College Spikes batting - Pitching for Pensacola Pilots : LHP Fernando Palácios
Batting: RHB Mike Ingram 0-0: Ball
1-0: Ball
2-0: Ball
3-0: Called Strike
3-1: Called Strike
3-2: Base on Balls
Batting: RHB Vaughan Shelton 0-0: Ball
1-0: Grounds into double play, 5-4-3 (Groundball, 56)
Batting: SHB Thomas Simmons 0-0: DOUBLE (Flyball, 89D)
Batting: RHB Scott Lee 0-0: Foul Ball, location: 2F
0-1: Swinging Strike
0-2: SINGLE (Groundball, 56D)
Thomas Simmons to third
Runner from 3rd tries for Home, SAFE, no throw
Batting: RHB Joaquín Vásquez 0-0: Ball
1-0: Swinging Strike
1-1: Swinging Strike
1-2: Foul Ball, location: 2F
1-2: Foul Ball, location: 2F
1-2: Ball
2-2: Ball
3-2: TRIPLE (Flyball, 78D)
Scott Lee scores
Batting: RHB Diego Benítez 0-0: Ball
1-0: Foul Ball, location: 2F
1-1: Ground out 6-3 (Groundball, 6)
Top of the 2nd over - 2 run(s), 3 hit(s), 0 error(s), 1 left on base; State College 2 - Pensacola 0
BOTTOM OF THE 2ND
Pensacola Pilots batting - Pitching for State College Spikes : RHP Francisco Álvarez
Batting: LHB Armando Domínguez 0-0: Ball
1-0: Called Strike
1-1: Ball
2-1: Ground out U3 (Groundball, 23)
Batting: SHB Fernando Gutiérrez 0-0: Ball
1-0: Fly out, F9 (Flyball, 9S)
Batting: LHB Nick Gamble 0-0: Called Strike
0-1: Foul Ball, location: 2F
0-2: Ball
1-2: Strikes out swinging
Bottom of the 2nd over - 0 run(s), 0 hit(s), 0 error(s), 0 left on base; State College 2 - Pensacola 0
TOP OF THE 3RD
State College Spikes batting - Pitching for Pensacola Pilots : LHP Fernando Palácios
Batting: SHB Greg Butterfield 0-0: Called Strike
0-1: Ground out 5-3 (Groundball, 5L)
Batting: RHB Piotr Zahn 0-0: Ball
1-0: Ball
2-0: Ball
3-0: Base on Balls
Batting: RHB Alonzo Herrera 0-0: Ball
1-0: Grounds into double play, 4-6-3 (Groundball, 4)
Top of the 3rd over - 0 run(s), 0 hit(s), 0 error(s), 0 left on base; State College 2 - Pensacola 0
BOTTOM OF THE 3RD
Pensacola Pilots batting - Pitching for State College Spikes : RHP Francisco Álvarez
Batting: RHB Ángel López 0-0: SINGLE (Groundball, 34D)
Batting: RHB Jesús García 0-0: Ball
1-0: DOUBLE (Line Drive, 78M)
Ángel López to third
Batting: RHB Roberto Gómez 0-0: Called Strike
0-1: Foul Ball, location: 2F
0-2: Ball
1-2: Ball
2-2: Fly out, F9 (Flyball, 89M)
Batting: RHB Julian Lee 0-0: Ball
1-0: Called Strike
1-1: Called Strike
1-2: Fly out, F7 (Flyball, 7LS)
Batting: RHB Peter Bishop 0-0: Ball
1-0: Called Strike
1-1: Ball
2-1: Swinging Strike
2-2: Fly out, F7 (Line Drive, 7LD)
Bottom of the 3rd over - 0 run(s), 2 hit(s), 0 error(s), 2 left on base; State College 2 - Pensacola 0
TOP OF THE 4TH
State College Spikes batting - Pitching for Pensacola Pilots : LHP Fernando Palácios
Batting: RHB Mike Ingram 0-0: Ball
1-0: Called Strike
1-1: SINGLE (Groundball, 25) (infield hit)
Batting: RHB Vaughan Shelton 0-0: Ball
Mike Ingram is caught stealing 2nd base
1-0: Ball
2-0: Ground out 6-3 (Groundball, 6)
Batting: SHB Thomas Simmons 0-0: Called Strike
0-1: Foul Ball, location: 2F
0-2: Hit by Pitch
Batting: RHB Scott Lee 0-0: Ball
1-0: Called Strike
1-1: Called Strike
1-2: Strikes out swinging
Top of the 4th over - 0 run(s), 1 hit(s), 0 error(s), 1 left on base; State College 2 - Pensacola 0
BOTTOM OF THE 4TH
Pensacola Pilots batting - Pitching for State College Spikes : RHP Francisco Álvarez
Batting: RHB Jesús Sánchez 0-0: Fly out, F7 (Flyball, 7S)
Batting: LHB Armando Domínguez 0-0: Called Strike
0-1: SINGLE (Groundball, 6MD)
Batting: SHB Fernando Gutiérrez 0-0: Foul Ball, location: 2F
0-1: Ball
1-1: Ball
2-1: Called Strike
2-2: Ball
3-2: Fly out, F5 (Flyball, 5D)
Batting: LHB Nick Gamble 0-0: Foul Ball, location: 2F
0-1: Ball
1-1: Ball
2-1: Fly out, F8 (Flyball, 8LD)
Bottom of the 4th over - 0 run(s), 1 hit(s), 0 error(s), 1 left on base; State College 2 - Pensacola 0
TOP OF THE 5TH
State College Spikes batting - Pitching for Pensacola Pilots : LHP Fernando Palácios
Batting: RHB Joaquín Vásquez 0-0: Foul Ball, location: 2F
0-1: Swinging Strike
0-2: Ball
1-2: Foul Ball, location: 2F
1-2: Ball
2-2: Ball
3-2: Foul Ball, location: 2F
3-2: Foul Ball, location: 2F
3-2: TRIPLE (Flyball, 8LS)
Batting: RHB Diego Benítez 0-0: Ball
Passed Ball!
Joaquín Vásquez scores
1-0: Called Strike
1-1: Foul Ball, location: 2F
1-2: Fly out, F5 (Popup, 5D)
Batting: SHB Greg Butterfield 0-0: Called Strike
0-1: Ground out 6-3 (Groundball, 6)
Batting: RHB Piotr Zahn 0-0: Called Strike
0-1: Called Strike
0-2: Ball
1-2: Fly out, F9 (Flyball, 89M)
Top of the 5th over - 1 run(s), 1 hit(s), 0 error(s), 0 left on base; State College 3 - Pensacola 0
BOTTOM OF THE 5TH
Pensacola Pilots batting - Pitching for State College Spikes : RHP Francisco Álvarez
Batting: RHB Ángel López 0-0: Called Strike
0-1: Swinging Strike
0-2: Strikes out swinging
Batting: RHB Jesús García 0-0: Fly out, F9 (Flyball, 89M)
Batting: RHB Roberto Gómez 0-0: Swinging Strike
0-1: Foul Ball, location: 2F
0-2: Strikes out swinging
Bottom of the 5th over - 0 run(s), 0 hit(s), 0 error(s), 0 left on base; State College 3 - Pensacola 0
TOP OF THE 6TH
State College Spikes batting - Pitching for Pensacola Pilots : LHP Fernando Palácios
Batting: RHB Alonzo Herrera 0-0: Ball
1-0: Fly out, F9 (Flyball, 9S)
Batting: RHB Mike Ingram 0-0: Called Strike
0-1: Swinging Strike
0-2: Ball
1-2: Fly out, F9 (Flyball, 9LS)
Batting: RHB Vaughan Shelton 0-0: Ground out 5-3 (Groundball, 56S)
Top of the 6th over - 0 run(s), 0 hit(s), 0 error(s), 0 left on base; State College 3 - Pensacola 0
BOTTOM OF THE 6TH
Pensacola Pilots batting - Pitching for State College Spikes : RHP Francisco Álvarez
Batting: RHB Julian Lee 0-0: Foul Ball, location: 2F
0-1: Ball
1-1: Called Strike
1-2: Ball
2-2: Foul Ball, location: 2F
2-2: SINGLE (Groundball, 4D)
Batting: RHB Peter Bishop 0-0: Ball
1-0: Called Strike
1-1: Ball
2-1: SINGLE (Flyball, 8RS)
Julian Lee to second
Batting: RHB Jesús Sánchez 0-0: Ball
1-0: Ball
2-0: Fly out, F7 (Flyball, 7LMF)
Batting: LHB Armando Domínguez 0-0: Called Strike
0-1: Fly out, F8 (Flyball, 8RM)
Runner from 2nd tags up, SAFE at 3rd with throw
Batting: SHB Fernando Gutiérrez 0-0: Ball
1-0: Ball
2-0: Ball
3-0: Called Strike
3-1: Ground out 4-3 (Groundball, 34)
Bottom of the 6th over - 0 run(s), 2 hit(s), 0 error(s), 2 left on base; State College 3 - Pensacola 0
TOP OF THE 7TH
State College Spikes batting - Pitching for Pensacola Pilots : LHP Fernando Palácios
Batting: SHB Thomas Simmons 0-0: Fly out, F8 (Flyball, 8LS)
Batting: RHB Scott Lee 0-0: Ball
1-0: Ball
2-0: Ball
3-0: Called Strike
3-1: SINGLE (Flyball, 4MD)
Batting: RHB Joaquín Vásquez 0-0: Ball
1-0: Swinging Strike
1-1: Ball
2-1: Ball
3-1: Base on Balls
Scott Lee to second
Batting: RHB Diego Benítez 0-0: Called Strike
0-1: Ball
1-1: Grounds into double play, 6-4-3 (Groundball, 6)
Top of the 7th over - 0 run(s), 1 hit(s), 0 error(s), 1 left on base; State College 3 - Pensacola 0
BOTTOM OF THE 7TH
Pensacola Pilots batting - Pitching for State College Spikes : RHP Francisco Álvarez
Batting: LHB Nick Gamble 0-0: Called Strike
0-1: Foul Ball, location: 2F
0-2: Ball
1-2: Ground out 6-3 (Groundball, 6)
Pitching: RHP Tomás Hurtado
Batting: RHB Ángel López 0-0: Ground out 6-3 (Groundball, 6)
Batting: RHB Jesús García 0-0: Foul Ball, location: 2F
0-1: Swinging Strike
0-2: Strikes out looking
Bottom of the 7th over - 0 run(s), 0 hit(s), 0 error(s), 0 left on base; State College 3 - Pensacola 0
TOP OF THE 8TH
State College Spikes batting - Pitching for Pensacola Pilots : LHP Fernando Palácios
Batting: SHB Greg Butterfield 0-0: Ball
1-0: Ball
2-0: Ball
3-0: Base on Balls
Batting: RHB Piotr Zahn 0-0: Ball
1-0: Sac Bunt - play at first, batter OUT! 1-3
Greg Butterfield to second
Batting: RHB Alonzo Herrera 0-0: Foul Ball, location: 2F
0-1: Foul Ball, location: 2F
0-2: Ball
1-2: Ground out 5-3 (Groundball, 56)
Batting: RHB Mike Ingram 0-0: Swinging Strike
0-1: Ball
1-1: Ground out 4-3 (Groundball, 4)
Top of the 8th over - 0 run(s), 0 hit(s), 0 error(s), 1 left on base; State College 3 - Pensacola 0
BOTTOM OF THE 8TH
Pensacola Pilots batting - Pitching for State College Spikes : RHP Tomás Hurtado
Batting: RHB Roberto Gómez 0-0: Ground out 6-3 (Groundball, 56)
Batting: RHB Julian Lee 0-0: Called Strike
0-1: Ball
1-1: Ball
2-1: Foul Ball, location: 2F
2-2: Ball
3-2: Foul Ball, location: 2F
3-2: Base on Balls
Batting: RHB Peter Bishop 0-0: Ball
1-0: Foul Ball, location: 2F
1-1: Ball
2-1: Fly out, F9 (Flyball, 9)
Batting: RHB Jesús Sánchez 0-0: Ball
1-0: Reached on error, E6 (Groundball, 6)
Julian Lee to second
Pitching: LHP Alberto Ruíz
Batting: LHB Armando Domínguez 0-0: Ball
1-0: DOUBLE (Flyball, 8RXD)
Julian Lee scores
Jesús Sánchez to third
Runner from 3rd tries for Home, throw and OUT!
Bottom of the 8th over - 1 run(s), 1 hit(s), 1 error(s), 1 left on base; State College 3 - Pensacola 1
TOP OF THE 9TH
State College Spikes batting - Pitching for Pensacola Pilots : LHP Fernando Palácios
Batting: RHB Vaughan Shelton 0-0: Called Strike
0-1: Foul Ball, location: 2F
0-2: Fly out, F7 (Flyball, 78S)
Batting: SHB Thomas Simmons 0-0: Ball
1-0: Ground out U3 (Groundball, 3L)
Batting: RHB Scott Lee 0-0: Ball
1-0: Swinging Strike
1-1: Ball
2-1: SINGLE (Flyball, 78S)
Pitching: RHP Jesús Núñez
Batting: RHB Joaquín Vásquez 0-0: Ball
1-0: Ball
2-0: Foul Ball, location: 2F
2-1: DOUBLE (Line Drive, 78M)
Scott Lee to third
Pinch Hitting: RHB Nick Harris 0-0: Ball
1-0: Foul Ball, location: 2F
1-1: Foul Ball, location: 2F
1-2: Ball
2-2: Foul Ball, location: 2F
2-2: Ball
3-2: Base on Balls
Pinch Hitting: RHB Eric Knight 0-0: Foul Ball, location: 2F
0-1: Called Strike
0-2: Foul Ball, location: 2F
0-2: Ball
1-2: Foul Ball, location: 2F
1-2: Ball
2-2: Ball
3-2: Fly out, F8 (Flyball, 8RS)
Top of the 9th over - 0 run(s), 2 hit(s), 0 error(s), 3 left on base; State College 3 - Pensacola 1
BOTTOM OF THE 9TH
Pensacola Pilots batting - Pitching for State College Spikes : LHP Alberto Ruíz
Pitching: RHP Manuel Montoya
Now at 1B: Eric Knight
Now at 3B: Rafael Ortíz
Batting: SHB Fernando Gutiérrez 0-0: Ball
1-0: Ball
2-0: Ball
3-0: Base on Balls
Pinch Hitting: LHB Weston Chaney 0-0: Foul Ball, location: 2F
0-1: Foul Ball, location: 2F
0-2: DOUBLE (Line Drive, 89D)
Fernando Gutiérrez to third
Runner from 3rd tries for Home, SAFE, throw made home
Pinch Hitting: LHB Pedro Ramos 0-0: Ball
1-0: Ball
2-0: Called Strike
2-1: Ball
3-1: Base on Balls
Pinch Hitting: LHB Brenton Carter 0-0: Called Strike
0-1: Called Strike
0-2: Foul Ball, location: 2F
0-2: Ball
1-2: Ball
2-2: Strikes out swinging
Pinch Hitting: LHB Ricardo García 0-0: Called Strike
0-1: Ground out U3 (Groundball, 23)
Weston Chaney to third
Pedro Ramos to second
Batting: RHB Julian Lee 0-0: Called Strike
0-1: Ball
1-1: Ground out 6-3 (Groundball, 6S)
Bottom of the 9th over - 1 run(s), 1 hit(s), 0 error(s), 2 left on base; State College 3 - Pensacola 2
Thursday, March 30th, 2017 - OOTP Baseball 17.12 Build 75